 Dungeon Crawl Stone Soup version 0.31.0-11-ge490571c62 (webtiles) character file.

Game seed: 822266192662306526

9600 Esekla the Reanimator (level 11, -9/72 HPs)
             Began as an Octopode Necromancer on Feb 2, 2024.
             Was an Initiate of Gozag.
             Mangled by a boulder beetle (20 damage)
             ... on level 11 of the Dungeon.
             The game lasted 01:32:26 (16225 turns).

Esekla the Reanimator (Octopode Necromancer)       Turns: 16225, Time: 01:32:26

Health: -9/72      AC:  1    Str:  8    XL:     11   Next: 49%
Magic:  8/24       EV: 13    Int: 25    God:    Gozag
Gold:   1100       SH:  0    Dex:  8    Spells: 20/28 levels left

rFire   + . .        d - staff of death
rCold   . . .        (no shield)
rNeg    + . .        (helmet restricted)
rPois   +            (no amulet)
rElec   +            k - ring of resist corrosion
rCorr   +            x - ring of Yfiz {rElec rPois rF+ Int+3 Dex-4}
SInv    .            (no ring)
Will    .....        (no ring)
Stlth   ++++         (no ring)
HPRegen 0.32/turn    (no ring)
MPRegen 0.19/turn    (no ring)
                     (no ring)

%: no passive effects
@: gold aura
A: almost no armour, amphibious, 8 rings, camouflage 1, gelatinous body 1,
(nimble swimmer 1), tentacles
a: Renounce Religion, Potion Petition, Call Merchant, Bribe Branch


You were on level 11 of the Dungeon.
You worshipped Gozag.
Gozag was most pleased with you.
You visited 2 branches of the dungeon, and saw 12 of its levels.

You collected 2074 gold pieces.
You spent 493 gold pieces at shops.
You paid 481 gold pieces to Gozag.

Inventory:

Hand Weapons
 a - a +5 falchion
 r - a +0 spear
 s - a +0 dagger of protection
Missiles
 b - 34 poisoned darts (quivered)
 n - 8 boomerangs
 q - a curare-tipped dart
Magical Staves
 c - a staff of conjuration
 d - a staff of death (weapon)
Jewellery
 k - a ring of resist corrosion (left tentacle)
 x - the ring of Yfiz (right tentacle) {rElec rPois rF+ Int+3 Dex-4}
   (You bought it in a shop on level 6 of the Dungeon)

   [ring of protection from fire]

   Int+3:     It affects your intelligence (+3).
   Dex-4:     It affects your dexterity (-4).
   rF+:       It protects you from fire.
   rElec:     It insulates you from electricity.
   rPois:     It protects you from poison
Wands
 m - a wand of roots (8)
 y - a wand of flame (6)
Scrolls
 e - a scroll of enchant armour
 g - a scroll of enchant weapon
 i - a scroll of immolation {unknown}
 j - 2 scrolls of silence
 v - a scroll of blinking
 w - 2 scrolls of revelation
Potions
 f - 8 potions of ambrosia
 h - a potion of cancellation {unknown}
 l - 3 potions of brilliance
 o - a potion of lignification
 p - a potion of haste
 t - a potion of mutation {unknown}
 u - 5 potions of curing
 A - a potion of enlightenment


   Skills:
 * Level 5.4 Fighting
 + Level 3.0 Short Blades
 + Level 0.6 Staves
 + Level 2.5 Throwing
 + Level 4.7 Dodging
 + Level 6.0 Stealth
 * Level 9.2 Spellcasting
 * Level 5.1 Conjurations
 + Level 10.0 Necromancy
 + Level 4.3 Translocations
 * Level 0.5 Earth Magic
 * Level 0.5 Alchemy
 + Level 0.6 Evocations


You had 20 spell levels left.
You knew the following spells:

 Your Spells              Type           Power      Damage    Failure   Level
a - Necrotise             Necr           100%       1d9       1%          1
b - Blink                 Tloc           66%        N/A       1%          2
d - Vampiric Draining     Necr           75%        2d11      1%          3
e - Searing Ray           Conj           74%        2d7       1%          2

Your spell library contained the following spells:

 Spells                   Type           Power      Damage    Failure   Level
 Magic Dart               Conj           100%       1d8       1%          1
 Lesser Beckoning         Tloc           66%        N/A       1%          2
 Momentum Strike          Conj/Tloc      70%        3d9       1%          2
 Gell's Gravitas          Tloc           33%        N/A       2%          3
 Teleport Other           Tloc           33%        N/A       2%          3
 Curse of Agony           Necr           75%        N/A       2%          5
 Passage of Golubria      Tloc           33%        N/A       9%          4
 Tukima's Dance           Hex            11%        N/A       16%         3
 Fulminant Prism          Conj/Alch      12%        3d9       17%         4
 Leda's Liquefaction      Alch/Erth      7%         N/A       38%         4
 Lee's Rapid Deconstruct  Erth           7%         3d6*      75%         5
 Yara's Violent Unravell  Hex/Alch       6%         3d5       80%         5
 Bombard                  Conj/Erth      12%        9d3       95%         6
 Animate Dead             Necr           Unusable   N/A       N/A         4

Dungeon Overview and Level Annotations

Branches:
Dungeon (11/15)            Temple (0/1) D:6            Lair (1/5) D:10
    Orc: D:9-12

Altars:
Cheibriados
Dithmenos
Gozag
Qazlal
Trog
Vehumet
Zin

Shops:
D:6 =   D:9 [

Annotations:
D:3 1 runed translucent door, SmokeWeed's ghost, amateur KoEn
D:4 dig 4 poison spells
D:9 3 runed translucent doors, 2 headed ogre, Driedwater's ghost, journeyman DjCj; Vadun's ghost, novice TrMo; Zeo's ghost, journeyman KoHu
D:10 exclusion: statue, Urug


Innate Abilities, Weirdness & Mutations

You cannot wear most types of armour.
You are amphibious.
You can wear up to eight rings at the same time.
Your skin changes colour to match your surroundings (Stealth+).
Your rubbery body absorbs attacks. (AC +1, EV +1)
((You are camouflaged when in or above water. (Stealth+)))
You have tentacles for arms and can constrict up to eight enemies at once.


Message History

The searing ray hits the boulder beetle!
The boulder beetle is lightly wounded.
The boulder beetle barely misses you.
The searing ray hits the boulder beetle.
The boulder beetle is moderately wounded.
You finish channelling your searing ray.
The boulder beetle closely misses you.
You hit the boulder beetle but do no damage.
You squeeze the boulder beetle.
The boulder beetle is moderately wounded.
The boulder beetle bites you.
Casting: Searing Ray (safe; 1% risk of failure)
Confirm with . or Enter, or press ? or * to list all spells.
Aiming: Searing Ray (safe; 1% risk of failure)
Press: ? - help, Shift-Dir - straight line, f - orc, p - boulder beetle
Aim: an orc, wielding a +0 club and wearing a +0 leather armour (83% to hit)
You feel a surge of power!
The searing ray hits the boulder beetle but does no damage.
The boulder beetle is moderately wounded.
The searing ray hits the orc.
The orc is heavily wounded. (Press . to maintain the ray.)
The boulder beetle closely misses you.
The searing ray hits the boulder beetle!
The boulder beetle is moderately wounded.
The searing ray hits the orc.
You kill the orc!
The boulder beetle barely misses you.
The searing ray hits the boulder beetle!
The boulder beetle is heavily wounded.
The boulder beetle bites you!!
The searing ray hits the boulder beetle.
The boulder beetle is heavily wounded.
You finish channelling your searing ray.
The boulder beetle bites you!!
* * * LOW HITPOINT WARNING * * *
d - a staff of death (weapon)
The boulder beetle bites you!!
You die...
Your body crumbles into a pile of gold.

#..####.#...8.+
###.......#.....#
#..^....###.##...#
#.##..#.# .. #...
#....# .. ##
#.###.#.# ..#
#.......# ###
#####.### #@# #B#
#$( ###. ?. ##


You could see a boulder beetle.

Vanquished Creatures
  A boulder beetle (D:10)
  Pikel (D:5)
  A queen bee (D:10)
  A hornet (D:10)
  A troll (D:9)
  11 yaks
  A shadow (D:9)
  A wraith (D:9)
  3 wyverns
  Eustachio (D:6)
  Edmund (D:5)
  3 water moccasins
  Duvessa (D:6)
  3 sky beasts
  An ice beast (D:8)
  3 orc warriors
  An ogre (D:6)
  3 centaurs
  3 kobold brigands
  A lemure (D:5)
  3 bullfrogs
  2 scorpions
  A gnoll sergeant (D:8)
  2 wights (D:7)
  Dowan (D:5)
  45 killer bees
  11 howler monkeys
  2 hounds
  2 bombardier beetles (D:5)
  2 jellies
  4 orc priests
  Crazy Yiuf (D:5)
  An iguana (D:4)
  Ijyb (D:3)
  6 orc wizards
  Robin (D:3)
  19 gnolls
  3 adders
  A shadow imp (D:8)
  A white imp (D:6)
  2 ufetubi (D:6)
  A dart slug (D:2)
  36 orcs
  3 bats (D:1)
  4 endoplasms
  3 giant cockroaches
  12 goblins
  4 hobgoblins
  2 quokkas
  7 ball pythons
  5 frilled lizards
  20 kobolds
  2 rats (D:1)
252 creatures vanquished.

Vanquished Creatures (others)
  A goblin (D:1)
1 creature vanquished.

Grand Total: 253 creatures vanquished

Notes
Turn   | Place    | Note
-------+----------+-------------------------------------------
     0 | D:1      | Esekla the Octopode Necromancer began the quest for the
                  | Orb.
     0 | D:1      | Reached XP level 1. HP: 11/11 MP: 3/3
   364 | D:1      | Reached XP level 2. HP: 18/18 MP: 5/5
   927 | D:2      | Identified the +0 pair of gloves "Zuox" {+Blink}
   955 | D:2      | Found a faded altar of an unknown god.
   959 | D:2      | Prayed at the altar of an unknown god.
   959 | D:2      | Became a worshipper of Gozag Ym Sagoz the Greedy
  1109 | D:2      | Reached XP level 3. HP: 22/22 MP: 6/6
  1116 | D:2      | Learned a level 3 spell: Vampiric Draining
  1136 | D:2      | Reached skill level 1 in Fighting
  1754 | D:3      | Found a stormy altar of Qazlal.
  1754 | D:3      | Noticed a sky beast
  1887 | D:3      | Noticed Ijyb
  1925 | D:3      | Killed Ijyb
  1926 | D:3      | Reached skill level 1 in Short Blades
  1926 | D:3      | Reached XP level 4. HP: 25/28 MP: 3/7
  2093 | D:3      | You fall into a shaft and drop 3 floors!
  2100 | D:6      | Noticed Eustachio
  2100 | D:6      | Noticed a water moccasin
  2116 | D:6      | Killed a water moccasin
  2117 | D:6      | Reached XP level 5. HP: 10/34 MP: 8/8
  2139 | D:6      | HP: 1/34 [orc/+0 hand axe (6)]
  2338 | D:6      | Reached XP level 6. HP: 39/39 MP: 10/10
  2347 | D:6      | Found a staircase to the Ecumenical Temple.
  2513 | D:6      | Found a shadowy altar of Dithmenos.
  2562 | D:7      | Reached skill level 5 in Necromancy
  2597 | D:7      | Noticed a water moccasin
  2676 | D:7      | Noticed a sky beast
  2733 | D:6      | Reached skill level 1 in Throwing
  2745 | D:6      | Noticed Dowan
  2747 | D:5      | Entered Level 5 of the Dungeon
  2989 | D:4      | Found a bloodstained altar of Trog.
  3093 | D:3      | Reached XP level 7. HP: 45/45 MP: 12/12
  3192 | D:3      | Noticed Robin
  3220 | D:3      | Killed Robin
  3425 | D:3      | Found a runed translucent door.
  3432 | D:3      | Noticed SmokeWeed's ghost (amateur KoEn)
  3945 | D:4      | Learned a level 2 spell: Blink
  3967 | D:4      | Found a glowing silver altar of Zin.
  4111 | D:4      | Found a snail-covered altar of Cheibriados.
  4245 | D:4      | Found an opulent altar of Gozag.
  4750 | D:5      | Learned a level 2 spell: Searing Ray
  4914 | D:5      | Reached XP level 8. HP: 52/52 MP: 14/14
  4917 | D:5      | Found Wag Fipu's Elemental Accessories.
  4938 | D:5      | Noticed Edmund
  5073 | D:5      | Reached skill level 5 in Spellcasting
  5107 | D:5      | Reached skill level 5 in Stealth
  5358 | D:5      | Reached skill level 6 in Necromancy
  5358 | D:5      | Reached skill level 1 in Translocations
  5380 | D:5      | Found a runed translucent door.
  5381 | D:5      | Noticed Crazy Yiuf
  5842 | D:5      | Killed Edmund
  5999 | D:6      | Noticed Duvessa
  6597 | D:5      | Killed Crazy Yiuf
  6663 | D:6      | Killed Duvessa
  6664 | D:6      | Reached skill level 1 in Conjurations
  7073 | D:6      | HP: 1/51 [white imp/puff of frost[Eustachio] (8)]
  7074 | D:6      | Killed Eustachio
  7357 | D:6      | Reached XP level 9. HP: 56/58 MP: 18/18
  7945 | D:5      | Noticed Pikel
  7959 | D:5      | Killed Pikel
  7960 | D:5      | Reached skill level 7 in Necromancy
  8203 | D:5      | Killed Dowan
  9507 | D:8      | Reached skill level 8 in Necromancy
  9561 | D:8      | Reached XP level 10. HP: 57/64 MP: 16/20
 10195 | D:9      | Noticed a two-headed ogre
 10680 | D:6      | Bought the ring of Yfiz {rElec rPois rF+ Int+3 Dex-4} for
                  | 493 gold pieces
 10881 | D:9      | Found a runed translucent gate.
 10881 | D:9      | Found a runed translucent gate.
 10881 | D:9      | Found a runed translucent gate.
 10915 | D:9      | Noticed Driedwater's ghost (journeyman DjCj)
 10915 | D:9      | Noticed Zeo's ghost (journeyman KoHu)
 10916 | D:9      | Noticed Vadun's ghost (novice TrMo)
 10998 | D:9      | HP: 2/65 [wraith (8)]
 12475 | D:9      | Found Umobun's Armour Shoppe.
 13087 | D:10     | Entered Level 10 of the Dungeon
 13268 | D:10     | Reached skill level 9 in Necromancy
 13505 | D:10     | Found a staircase to the Lair.
 13528 | D:10     | Found a radiant altar of Vehumet.
 13693 | D:10     | Reached skill level 5 in Fighting
 13981 | D:10     | Reached XP level 11. HP: 52/71 MP: 16/23
 14013 | D:10     | Noticed a boulder beetle
 14811 | D:10     | Killed a boulder beetle
 15335 | D:10     | Reached skill level 10 in Necromancy
 15699 | D:10     | Noticed Urug
 15850 | Lair:1   | Entered Level 1 of the Lair of Beasts
 15926 | D:11     | Reached skill level 5 in Conjurations
 16207 | D:11     | Noticed a boulder beetle
 16225 | D:11     | Mangled by a boulder beetle

Illustrated notes

Levels and vault maps discovered:
D:1:      mainiacjoe_arrival_oval_in_oval, layout_loops_ring
D:2:      layout_loops_ring, hellmonk_ecumenical_altar_heavens_door,
          nicolae_the_louvre
D:3:      layout_loops_ring, nicolae_qazlal_beasts_of_the_sky,
          ebering_ghost_sewer_d, st_stairs_7, uniq_robin, uniq_ijyb
D:4:      cheibrodos_quashed, layout_loops_ring, grunt_gozag_breadcrumbs,
          mainiacjoe_overflow_alcove_1, bloody_trog, cheibriados_altar_1
D:5:      layout_loops_corners, minmay_misc_feat_roman, nicolae_elemental_shop,
          uniq_crazy_yiuf_cottage, uniq_pikel, uniq_edmund
D:6:      layout_cave_pools, mainiacjoe_overflow_tiny_flanked,
          minmay_temple_entry_waves, uniq_eustachio, uniq_duvessa
D:7:      layout_basic
D:8:      layout_gridville, chequers_serial_rivers_marsh, corexii_corridor_pit,
          hangedman_glass_teeth, minmay_crossroads
D:9:      layout_stronghold, serial_shops, nicolae_shop_just_a_little_nook,
          gammafunk_ghost_cemetery
D:10:     layout_roguey [special_room_bee], vehumet_statue, lair_entry_dummy,
          uniq_urug
D:11:     layout_loops_cross, david_orc_1_choice, okawaru_gym_becter
Lair:1:   layout_regular_city, ebering_ghost_disaster_area, lemuel_old_faithful

Skill      XL: |  1  2  3  4  5  6  7  8  9 10 11 |
---------------+----------------------------------+-----
Fighting       | 1 2 3 4 5 |  5.4
Stealth        | 3 4 5 6 |  6.0
Short Blades   | 1 2 3 |  3.0
Spellcasting   | 3 4 6 7 8 9 |  9.2
Necromancy     | 5 6 8 9 10 | 10.0
Throwing       | 1 2 |  2.5
Translocations | 1 3 4 |  4.3
Dodging        | 3 4 |  4.7
Conjurations   | 2 3 4 5 |  5.1
Staves         | |  0.6
Earth Magic    | |  0.5
Alchemy        | |  0.5
Evocations     | |  0.6

Action                     |  1- 3 |  4- 6 |  7- 9 | 10-12 || total
---------------------------+-------+-------+-------+-------++-------
  Melee: Dagger            |    87 |    42 |   160 |   180 ||   469
         Tentacles         |    18 |    15 |    76 |    57 ||   166
         Constrict         |    17 |    12 |    61 |    20 ||   110
         Unarmed           |     2 |       |       |       ||     2
         Punch             |       |     1 |     9 |     5 ||    15
         Staff             |       |     3 |    90 |    35 ||   128
         Long sword        |       |     1 |       |       ||     1
  Throw: Dart              |     4 |     2 |    17 |    47 ||    70
         Boomerang         |       |    10 |     7 |       ||    17
   Cast: Vampiric Draining |     1 |     9 |    59 |    88 ||   157
         Blink             |       |       |     1 |       ||     1
         Searing Ray       |       |       |     8 |    30 ||    38
 Invoke: Call Merchant     |       |       |     1 |       ||     1
  Evoke: Wand              |       |     2 |     3 |       ||     5
    Use: Scroll            |       |     4 |     3 |     5 ||    12
         Potion            |       |     3 |     2 |     4 ||     9
   Stab: Sleeping          |     7 |     1 |     8 |     7 ||    23
         Distracted        |       |       |       |     1 ||     1
 Armour: Skin              |    36 |    27 |   176 |   292 ||   531
  Dodge: Dodged            |    57 |    40 |   216 |   254 ||   567
